[Event "The Allsvenskan 2024/25 Div I 3: SS Manhem II - SS Manhem"]
[Site "Goteborgs Schackcentrum, Vegatan 20, Gothenburg, Sweden"]
[Date "2025.01.12"]
[Round "1.1"]
[White "Welin, Mats"]
[Black "Bengtsson, Jessica"]
[Result "1-0"]
[TimeControl "90 minutes for 40 moves + 30 minutes for the rest of the game + 30 seconds per move from move one."]
[WhiteTitle "FM"]
[BlackTitle "WFM"]
[WhiteFideId "1705180"]
[BlackFideId "1711083"]
[WhiteElo "2296"]
[BlackElo "2029"]

1. e4 e5 2. Nf3 Nc6 3. Bb5 Nf6 4. d3 Bc5 5. Bxc6 dxc6 6. O-O Qe7 7. Nbd2 Bg4 8. h3 Bh5 9. a3 O-O 10.
Nc4 Nd7 11. Re1 Rad8 12. Bd2 Rfe8 13. b4 Bb6 14. a4 a6 15. Rb1 Ba7 16. g4 Bg6 17. b5 cxb5 18. axb5 f6 19. bxa6 bxa6 20.
Ra1 Qe6 21. Qe2 Rb8 22. Ra3 Bc5 23. Ra4 Ra8 24. Rea1 Reb8 25. Kg2 Rb7 26. Bc3 Be8 27. Ra5 Bb4 28. Bxb4 Rxb4 29. c3 Rb7 30.
d4 Nb8 31. Ncd2 exd4 32. cxd4 Bb5 33. Qe3 c6 34. Qc3 Nd7 35. d5 Qd6 36. Nd4 Rc7 37. dxc6 Rac8 38. Nxb5 axb5 39. Qb3+ 1-0

[Event "The Allsvenskan 2024/25 Div I 3: SS Manhem II - SS Manhem"]
[Site "Goteborgs Schackcentrum, Vegatan 20, Gothenburg, Sweden"]
[Date "2025.01.12"]
[Round "1.2"]
[White "Outgajjouft, Said"]
[Black "Fendrich, David"]
[Result "0-1"]
[TimeControl "90 minutes for 40 moves + 30 minutes for the rest of the game + 30 seconds per move from move one."]
[WhiteFideId "1716174"]
[BlackFideId "1705725"]
[WhiteElo "2055"]
[BlackElo "2192"]

1. e4 c5 2. Nc3 e6 3. f4 d5 4. Nf3 dxe4 5. Nxe4 Nc6 6. d3 Nf6 7. Bd2 Be7 8. g3 O-O 9. Bg2 Qb6 10.
Rb1 c4 11. Nxf6+ Bxf6 12. dxc4 e5 13. Nxe5 Nxe5 14. fxe5 Re8 15. Qf3 Rxe5+ 16. Kd1 Qd4 17. Qf4 Qd6 18. Re1 Be6 19. Bxb7 Rd8 20.
Rxe5 Bxe5 21. Qf2 Bxc4 22. Kc1 Bd4 23. Qf4 Qb6 0-1

[Event "The Allsvenskan 2024/25 Div I 3: SS Manhem II - SS Manhem"]
[Site "Goteborgs Schackcentrum, Vegatan 20, Gothenburg, Sweden"]
[Date "2025.01.12"]
[Round "1.3"]
[White "Lindholm, Gustav"]
[Black "Andreasson, Vincent"]
[Result "1-0"]
[TimeControl "90 minutes for 40 moves + 30 minutes for the rest of the game + 30 seconds per move from move one."]
[WhiteFideId "1736515"]
[BlackFideId "1721321"]
[WhiteElo "2112"]
[BlackElo "1998"]

1. d4 d5 2. c4 c6 3. Nf3 e6 4. Nc3 dxc4 5. a4 Bb4 6. e3 b5 7. Bd2 a5 8. axb5 Bxc3 9. Bxc3 cxb5 10.
b3 Bb7 11. bxc4 b4 12. Bb2 Nf6 13. Bd3 O-O 14. O-O Nbd7 15. Nd2 Qc7 16. h3 a4 17. e4 a3 18. Bc1 e5 19. d5 Nc5 20.
Bc2 Ba6 21. Re1 Nfd7 22. Bb3 Rfc8 23. Ba2 Rab8 24. Rb1 Qa5 25. Re3 Nb6 26. Qh5 f6 27. Qg4 Nba4 28. Rg3 Rc7 29. Bxa3 Bc8 30.
Qh5 g6 31. Qd1 Rcb7 32. Bb2 Nc3 33. Qf3 Kg7 34. Ra1 Nxa2 35. Nb3 Nxb3 36. Qxb3 Ra8 37. c5 Rba7 38. c6 Qc5 39. Rd3 Ba6 40.
Rxa2 Bxd3 41. Rxa7+ Rxa7 42.
Qxd3 Kf7 43. Kh2 Ke7 44. f4 exf4 45. Bd4 1-0

[Event "The Allsvenskan 2024/25 Div I 3: SS Manhem II - SS Manhem"]
[Site "Goteborgs Schackcentrum, Vegatan 20, Gothenburg, Sweden"]
[Date "2025.01.12"]
[Round "1.4"]
[White "Lennerstad, Allan"]
[Black "Akesson, Joel"]
[Result "0-1"]
[TimeControl "90 minutes for 40 moves + 30 minutes for the rest of the game + 30 seconds per move from move one."]
[BlackTitle "FM"]
[WhiteFideId "1723774"]
[BlackFideId "1705040"]
[WhiteElo "1996"]
[BlackElo "2224"]

1. d4 Nf6 2. Nf3 g6 3. c4 Bg7 4. Nc3 d6 5. e4 Nbd7 6. Bd3 e5 7. dxe5 Nxe5 8. Nxe5 dxe5 9. O-O O-O 10.
c5 c6 11. h3 Nh5 12. Bc4 Qf6 13. Qb3 Nf4 14. Ne2 Be6 15.
Nxf4 Bxc4 16. Qxc4 exf4 17. e5 Qe6 18. Qb4 f3 19. Bf4 fxg2 20. Kxg2 Bxe5 21. Bxe5 Qxe5 22. Rae1 Qg5+ 23. Kh2 Rae8 24.
Rc1 Re7 25. Rfe1 Rfe8 26. Rxe7 Rxe7 27. Rd1 Re2 28. Qd4 Qd5 29. Qxd5 cxd5 30. Rxd5 Rxf2+ 31. Kg3 Rxb2 32. Rd7 a5 33.
Kf4 a4 34. Ke5 Kg7 35. a3 Rb3 36. h4 h6 37. Rc7 g5 38. hxg5 hxg5 39. Kf5 Rb5 40. Kg4 Kg6 0-1

[Event "The Allsvenskan 2024/25 Div I 3: SS Manhem II - SS Manhem"]
[Site "Goteborgs Schackcentrum, Vegatan 20, Gothenburg, Sweden"]
[Date "2025.01.12"]
[Round "1.5"]
[White "Karlsson, Stefan"]
[Black "Almemo, Fredrik"]
[Result "1/2-1/2"]
[TimeControl "90 minutes for 40 moves + 30 minutes for the rest of the game + 30 seconds per move from move one."]
[WhiteFideId "1771183"]
[BlackFideId "1721186"]
[WhiteElo "2030"]
[BlackElo "1901"]

1. e4 e6 2. d4 d5 3. e5 c5 4. c3 Nc6 5. Nf3 Bd7 6. a3 Qb6 7. b4 cxd4 8. cxd4 a6 9. Nc3 Rc8 10.
Na4 Qa7 11. Nc5 a5 12. Nxd7 Kxd7 13. b5 Nd8 14. Bd3 Ne7 15. O-O h6 16. h4 Nf5 17. Qa4 b6 18. g4 Ne7 19. Bd2 h5 20.
g5 Nf5 21. Rfc1 Be7 22. Rxc8 Kxc8 23. Qc2+ Kb8 24. Bxf5 exf5 25. Qxf5 g6 26. Qd3 Ne6 27. Ne1 Rc8 28. Bc1 Rc4 29.
Bb2 Qd7 30. a4 Bb4 31. Ng2 Qc8 32. Rd1 Bc3 33. Bxc3 Rxc3 34. Qd2 Rc2 35. Qd3 Rc3 36. Qd2 Rc2 37. Qd3 1/2-1/2

[Event "The Allsvenskan 2024/25 Div I 3: SS Manhem II - SS Manhem"]
[Site "Goteborgs Schackcentrum, Vegatan 20, Gothenburg, Sweden"]
[Date "2025.01.12"]
[Round "1.6"]
[White "Herrman, Jan"]
[Black "Berggren Torell, Harald"]
[Result "0-1"]
[TimeControl "90 minutes for 40 moves + 30 minutes for the rest of the game + 30 seconds per move from move one."]
[WhiteFideId "1731882"]
[BlackFideId "1714031"]
[WhiteElo "1918"]
[BlackElo "2053"]

1. d4 d6 2. c4 e5 3. dxe5 dxe5 4. Qxd8+ Kxd8 5. Nc3 Be6 6. e4 Nf6 7. Bg5 Bc5 8. Nf3 h6 9. Bh4 Nc6 10.
Be2 Kc8 11. O-O-O Nd4 12. Nxd4 Bxd4 13. Nb5 Bc5 14. Nc3 c6 15. Bg3 Bd4 16. f3 Nh5 17. Be1 Nf4 18. Bf1 Be3+ 19. Bd2 Bc5 20.
Kc2 Kc7 21. b3 Rad8 22. Bxf4 exf4 23. Be2 g5 24. Rxd8 Kxd8 25. Rd1+ Ke7 26. h3 f6 27. Na4 Be3 28. c5 b5 29.
cxb6 axb6 30. Bc4 Bd7 31. Nc3 Ra8 32.
a4 Bc5 33. Re1 Bd6 34. Rd1 h5 35. Kd2 Be5 36. Kc2 Ra7 37. Rd2 Ra8 38. Re2 Ra7 39. Rd2 Rb7 40. Be2 Be8 41. Bc4 Ra7 42. Be2 Ra5 43. b4 Ra7 44. b5 Rc7 45. Kb3 Bf7+ 46. Kb4 c5+ 47. Nb1 0-1

[Event "The Allsvenskan 2024/25 Div I 3: SS Manhem II - SS Manhem"]
[Site "Goteborgs Schackcentrum, Vegatan 20, Gothenburg, Sweden"]
[Date "2025.01.12"]
[Round "1.7"]
[White "Pettersson, Anders"]
[Black "Abrahamsson, Patrik"]
[Result "1-0"]
[TimeControl "90 minutes for 40 moves + 30 minutes for the rest of the game + 30 seconds per move from move one."]
[WhiteFideId "1715143"]
[BlackFideId "1716484"]
[WhiteElo "2068"]
[BlackElo "1966"]

1. d4 Nf6 2. c4 g6 3. Nc3 d5 4. Bf4 Bg7 5. e3 O-O 6. cxd5 Nxd5 7. Nxd5 Qxd5 8. Bxc7 Na6 9. Bxa6 Qxg2 10.
Qf3 Qxf3 11. Nxf3 bxa6 12. O-O Bb7 13. Ne5 Rac8 14. Rfc1 Bh6 15. Rc5 f6 16. Nd3 Bf3 17. Nb4 a5 18.
Bxa5 Rxc5 19. dxc5 Rc8 20. Rc1 f5 21. Nd3 Bg7 22. Bc3 Be4 23. Bxg7 Kxg7 24. Ne5 Kf6 25. f4 g5 26. b4 h5 27.
Kf2 h4 28. a4 g4 29. b5 Ke6 30. c6 Rg8 31. Rg1 g3+ 32. hxg3 h3 33. Nf3 Kd6 34. Rd1+ Kc5 35. Ng5 Rxg5 36.
fxg5 f4 37. gxf4 h2 38. c7 Bb7 39. Rh1 1-0

[Event "The Allsvenskan 2024/25 Div I 3: SS Manhem II - SS Manhem"]
[Site "Goteborgs Schackcentrum, Vegatan 20, Gothenburg, Sweden"]
[Date "2025.01.12"]
[Round "1.8"]
[White "Lennartsson, Johan"]
[Black "Bengtsson, Jonas"]
[Result "0-1"]
[TimeControl "90 minutes for 40 moves + 30 minutes for the rest of the game + 30 seconds per move from move one."]
[WhiteFideId "1721356"]
[BlackFideId "1715135"]
[WhiteElo "1826"]
[BlackElo "2002"]

1. e4 c5 2. a3 g6 3. b4 Bg7 4. Nc3 d6 5. Bb2 Nc6 6. b5 Nd4 7. Nf3 Bg4 8. Be2 Bxf3 9. Bxf3 e6 10.
Rb1 Ne7 11. O-O O-O 12. Ba1 Qd7 13. g3 Nxf3+ 14. Qxf3 Rfd8 15. Rb3 d5 16. d3 Rac8 17. Ne2 d4 18. a4 c4 19. dxc4 Rxc4 20.
Rd1 Rxa4 21. Qd3 Qc7 22. c3 e5 23. cxd4 exd4 24. f4 h5 25. Bb2 Rc4 26. Ba3 Rc8 27. Rc1 Rxc1+ 28. Nxc1 h4 29.
Ne2 Rd8 30. Rb4 a5 31. Rc4 Qd7 32. Bxe7 Qxe7 33. e5 Bf8 34. Rxd4 Rxd4 35. Nxd4 Qb4 36. Kg2 Qb2+ 37. Kh3 hxg3 38.
hxg3 Qa1 39. Qe4 Qf1+ 40. Kg4 a4 41. Qxb7 Qd1+ 42. Nf3 Qh1 43. f5 Qh5+ 44. Kf4 Qxf5+ 45. Ke3 a3 46. Qd5 Bh6+ 47.
Ke2 Qc2+ 48. Nd2 Qxd2+ 0-1